 Dungeon Crawl Stone Soup version 0.27.1-33-g824d729ab1 (webtiles) character file.

Game seed: 2367163600316436735

253 zeram the Shield-Bearer (level 6, -11/37 HPs)
             Began as a Gargoyle Fighter on Dec 16, 2021.
             Mangled by an ogre (15 damage)
             ... on level 4 of the Dungeon.
             The game lasted 00:03:50 (3506 turns).

zeram the Shield-Bearer (Gargoyle Fighter)          Turns: 3506, Time: 00:03:51

Health: -11/37     AC: 22    Str: 22    XL:     6   Next: 14%
Magic:  6/6        EV:  4    Int:  8    God:
Gold:   119        SH: 10    Dex:  9    Spells: 5/5 levels left

rFire    . . .     SeeInvis .   a - +0 flail
rCold    . . .     Faith    .   c - +0 kite shield
rNeg     + . .     Spirit   .   e - +1 plate armour
rPois    ∞         Reflect  .   f - +2 helmet
rElec    +         Harm     .   d - +1 cloak
rCorr    .         Rampage  .   (no gloves)
Will     .....                  (no boots)
Stlth    ..........             (no amulet)
HPRegen  0.12/turn              (no ring)
MPRegen  0.10/turn              (no ring)

@: no status effects
A: sickness immunity, AC +4, negative energy resistance 1, electricity
resistance, torment resistance 1, petrification resistance
a: no special abilities


You were on level 4 of the Dungeon.
You visited 1 branch of the dungeon, and saw 4 of its levels.

You collected 119 gold pieces.

Inventory:

Hand Weapons
 a - a +0 flail (weapon)
Missiles
 j - 98 stones (quivered)
 k - a throwing net
Armour
 b - a +0 scale mail
 c - a +0 kite shield (worn)
 d - a +1 cloak (worn)
 e - a +1 plate armour (worn)
 f - a +2 helmet (worn)
Jewellery
 i - an amulet of faith
Scrolls
 g - 2 scrolls of teleportation
 m - 2 scrolls of blinking
 n - a scroll of identify
Potions
 h - a potion of degeneration
 l - 2 potions of brilliance


   Skills:
 - Level 3.2 Fighting
 + Level 4.2 Maces & Flails
 + Level 4.5 Armour
 + Level 0.4 Dodging
 + Level 4.9 Shields


You had 5 spell levels left.
You didn't know any spells.
Your spell library contained the following spells:

 Spells                   Type           Power      Damage    Failure   Level
 Animate Skeleton         Necr           0%         N/A       100%        1
 Pain                     Necr           0%         1d4       100%        1
 Shock                    Conj/Air       0%         1d3       100%        1
 Gell's Gravitas          Tloc           0%         N/A       100%        3
 Lesser Beckoning         Tloc           0%         N/A       100%        3
 Swiftness                Air            0%         N/A       100%        3
 Teleport Other           Tloc           0%         N/A       100%        3
 Vampiric Draining        Necr           0%         2d6       100%        3
 Airstrike                Air            0%         N/A       100%        4


Dungeon Overview and Level Annotations

Branches:
Dungeon (4/15)
 Temple: D:4-7

Altars:
Zin


Innate Abilities, Weirdness & Mutations

You are immune to sickness and miasma.
Your stone body is resilient. (AC +4)
You are immune to poison.
You resist negative energy. (rN+)
You are resistant to electric shocks. (rElec)
You are resistant to unholy torment.
You are immune to petrification.


Message History

The ogre is moderately wounded.
The ogre hits you with a +0 giant spiked club!
You hit the ogre.
The ogre is moderately wounded.
You block the ogre's attack.
You sock the ogre!
The ogre is almost dead.
You block the ogre's attack.
You thump the ogre!
You kill the ogre!
The ball python bites you but does no damage.
The ball python grabs you. The ball python constricts you.
Your Maces & Flails skill increases to level 4!
You have reached level 6!
Your experience leads to an increase in your attributes!
Increase (S)trength, (I)ntelligence, or (D)exterity?
You feel stronger.
You barely miss the ball python.
The ball python bites you but does no damage.
The ball python constricts you.
The ball python bites you but does no damage.
The ball python constricts you.
You sock the ball python!
You kill the ball python!
The orc throws a boomerang.
The boomerang hits you but does no damage.
You barely miss the ogre.
The ogre is moderately wounded.
You block the ogre's attack.
You hit the ogre.
The ogre is heavily wounded.
The ogre hits you with a +0 giant spiked club.
You sock the ogre!
The ogre is almost dead.
The ogre hits you with a +0 giant spiked club!
* * * LOW HITPOINT WARNING * * *
Your shield and plate armour prevent you from hitting the ogre.
The ogre is almost dead.
The ogre hits you with a +0 giant spiked club!
You die...

#..##....#
#........#
#..##....#
#####'##....#
#.....#####.#
#......# #...
#......# #####
....### +......#
≈≈≈
.#...#######.>.@##
≈≈
#....#...#######O#
#....#...#.......#
##....#...#...S...#
######
..#...#>..#.......#
#.....
.....Z##'###.o....#
#.....
(..........#O######
##....
#...##S.O...O.....#
#..... ..#S
#.....S......#
#.....


You could see an ogre.

Vanquished Creatures
  An ogre (D:4)
  Jessica (D:2)
  3 gnolls (D:3)
  3 adders
  An ufetubus (D:4)
  An adder skeleton (D:4)
  A worm (D:3)
  4 dart slugs
  An orc (D:3)
  2 bats
  7 endoplasms
  9 giant cockroaches
  3 goblins
  8 hobgoblins
  3 jackals (D:2)
  7 kobolds
  3 quokkas
  3 ball pythons
  3 frilled lizards
  3 rats
67 creatures vanquished.

Notes
Turn   | Place    | Note
-------+----------+-------------------------------------------
     0 | D:1      | zeram the Gargoyle Fighter began the quest for the Orb.
     0 | D:1      | Reached XP level 1. HP: 14/14 MP: 1/1
   385 | D:1      | Reached XP level 2. HP: 19/19 MP: 2/2
   588 | D:1      | Found a faded altar of an unknown god.
  1180 | D:1      | Reached XP level 3. HP: 23/23 MP: 3/3
  2036 | D:2      | Noticed Jessica
  2050 | D:2      | Killed Jessica
  2051 | D:2      | Reached XP level 4. HP: 17/28 MP: 4/4
  2642 | D:3      | Reached XP level 5. HP: 32/32 MP: 5/5
  3219 | D:3      | Found a glowing silver altar of Zin.
  3455 | D:4      | Noticed an ogre
  3458 | D:4      | Noticed an ogre
  3500 | D:4      | Killed an ogre
  3501 | D:4      | Reached XP level 6. HP: 22/37 MP: 6/6
  3506 | D:4      | Mangled by an ogre

Illustrated notes

Levels and vault maps discovered:
D:1:      roderic_chinese_lattice_arrival, layout_loops_ring,
          hellmonk_ecumenical_altar_zigzags, st_stairs_7
D:2:      layout_rooms, uniq_jessica
D:3:      layout_basic, lemuel_coloured_pillars_altar, palyth_stone_intersect
D:4:      kennysheep_big_flooded_room, layout_gridville,
          minmay_temple_entry_poolview, minmay_fractal_squares_diagonal_5

Skill      XL: |  1  2  3  4  5 |
---------------+----------------+-----
Shields        | 4 |  4.9
Maces & Flails | 3 4 |  4.2
Armour         | 4 |  4.5
Fighting       | |  3.2
Dodging        | |  0.4

Action                   |  1- 3 |  4- 6 || total
-------------------------+-------+-------++-------
Melee: Flail             |   130 |   103 ||   233
  Use: Scroll            |     2 |     6 ||     8
       Potion            |     1 |     1 ||     2
Armor: Scale mail        |    11 |       ||    11
       Plate armour      |   122 |    80 ||   202
Dodge: Dodged            |    22 |    22 ||    44
Block: Kite shield       |    79 |    66 ||   145
